AoeStats
← oandg

MegaRandom

508263535Analyzed
3v3 RM · 11d ago on Sep 21, 2026· 114m 24s· 6 players
Game mode
Random Map
Map size
Normal (6 player)
Population
200
Speed
Normal
Resources
Standard
Victory
Conquest
Starting age
Dark Age
Ending age
Imperial Age
RankedLock teamsTeams togetherTeam positionsShared explorationLock speedFull tech treeHidden civsTurbo modeCheats
Victory
Defeat
🇪🇸 Poles · Spain
521
+14
🇫🇷 Huns · France
518
+14
🇹🇷 Khmer · Türkiye
364
+20
🇬🇧 Romans · United Kingdom
489
-17
🇬🇧 Wei · United Kingdom
474
-16
🇬🇧 Franks · United Kingdom
453
-15
Burak Krhn
8:35 Loom
14:25 Feudal Age
14:55 Town Watch
15:24 Fishing Lines
16:02 Double-Bit Axe
17:25 Horse Collar
19:10 Stone Mining
22:27 Wheelbarrow
21:59 Gold Mining
26:31 Castle Age
28:03 Gillnets
28:40 Town Patrol
28:56 Hand Cart
28:58 Heavy Plow
29:13 Bow Saw
29:49 Medium Warships
29:00 Demolition Ship
39:47 Imperial Age
37:32 Guard Tower
40:30 Fortified Wall
40:16 Murder Holes
41:14 Crop Rotation
41:23 Stone Shaft Mining
41:23 Gold Shaft Mining
42:20 Chemistry
41:57 Keep
41:42 Ballistics
41:13 Heated Shot
41:34 Masonry
41:37 Clinker Construction
41:57 Heavy Warships
44:51 Coinage
44:22 Caravan
50:06 Elite Cannon Galleon
51:47 Banking
51:53 Conscription
51:03 Sappers
52:09 Hoardings
51:36 Double Crossbow
51:36 Tusk Swords
52:36 Siege Engineers
52:54 Carvel Hull
52:48 Careening
52:44 Siphons
54:31 Husbandry
54:44 Bloodlines
58:35 Heavy Scorpion
61:00 Dry Dock
62:31 Elite Battle Elephant
62:33 Elite Ballista Elephant
79:14 Scale Barding Armor
79:09 Scale Mail Armor
79:10 Padded Archer Armor
79:00 Fletching
79:21 Forging
97:57 Light Cavalry
99:25 Elite Skirmisher
107:09 Pikeman
tintindeo22
1:28 Loom
8:45 Loom
11:18 Feudal Age
12:44 Double-Bit Axe
13:42 Town Watch
14:38 Wheelbarrow
20:22 Horse Collar
22:31 Fletching
22:51 Forging
22:42 Padded Archer Armor
26:18 Castle Age
24:12 Gold Mining
24:13 Stone Mining
28:24 Town Patrol
28:39 Hand Cart
29:10 Stone Shaft Mining
30:35 Bow Saw
30:11 Light Cavalry
31:02 Bloodlines
30:53 Husbandry
32:34 Bodkin Arrow
32:56 Leather Archer Armor
38:21 Imperial Age
36:30 Medium Warships
37:30 Iron Casting
37:01 Scale Barding Armor
36:57 Scale Mail Armor
38:38 Fortified Wall
39:34 Guard Tower
40:05 Ballistics
39:56 Masonry
42:48 Cavalier
42:50 Winged Hussar
45:09 Conscription
45:24 Chain Barding Armor
46:10 Blast Furnace
48:44 Bracer
48:59 Chain Mail Armor
50:58 Elite Obuch
64:39 Lechitic Legacy
64:25 Szlachta Privileges
65:57 Heavy Plow
73:32 Demolition Ship
76:31 Crop Rotation
76:40 Treadmill Crane
78:00 Chemistry
76:56 Murder Holes
77:07 Siege Engineers
77:39 Keep
76:49 Arrowslits
78:23 Heavy Warships
78:28 Clinker Construction
78:29 Careening
104:50 Caravan
Darth Vader
5:34 Loom
12:09 Feudal Age
13:08 Double-Bit Axe
13:18 Gold Mining
27:06 Castle Age
oandg
11:33 Feudal Age
13:16 Double-Bit Axe
17:06 Castle Age
15:14 Horse Collar
26:18 Bow Saw
26:06 Fletching
26:16 Padded Archer Armor
38:14 Imperial Age
42:14 Thumb Ring
44:54 Elite Tiger Cavalry
47:56 Gold Mining
47:57 Stone Mining
48:17 Heavy Plow
48:56 Wheelbarrow
51:04 Parthian Tactics
56:25 Ming Guang Armor
56:23 Conscription
62:56 Gold Shaft Mining
63:56 Scale Barding Armor
83:15 Caravan
90:56 Chain Barding Armor
90:32 Bodkin Arrow
105:20 Medium Warships
Chrisjohn09
11:24 Feudal Age
14:46 Double-Bit Axe
15:22 Scale Mail Armor
23:21 Castle Age
23:21 Wheelbarrow
26:27 Stone Mining
28:25 Pikeman
31:24 Gold Mining
35:35 Squires
35:55 Chain Mail Armor
40:49 Bow Saw
43:46 Imperial Age
41:32 Hand Cart
45:18 Gold Shaft Mining
44:14 Halberdier
56:54 Horse Collar
62:25 Medium Warships
65:16 Heavy Warships
73:37 Clinker Construction
73:38 Careening
73:23 Murder Holes
76:03 Shipwright
76:03 Carvel Hull
87:21 Fishing Lines
jack0_james
11:10 Feudal Age
14:11 Man-at-Arms
15:18 Double-Bit Axe
19:39 Man-at-Arms
23:29 Castle Age
21:52 Gold Mining
21:52 Stone Mining
24:56 Gold Shaft Mining
32:04 Long Swordsman
32:04 Pikeman
32:54 Elite Skirmisher
34:04 Gambesons
34:19 Squires
35:59 Bow Saw
41:34 Wheelbarrow
41:24 Medium Warships
42:00 Husbandry
47:07 Imperial Age
44:55 Hand Cart
47:12 Forging
47:02 Scale Mail Armor
47:08 Scale Barding Armor
46:53 Fletching
47:03 Padded Archer Armor
48:29 Iron Casting
49:02 Chemistry
48:22 Ballistics
47:37 Elite Throwing Axeman
56:25 Siphons
56:42 Elite Throwing Axeman
57:29 Cavalier
58:20 Two-Handed Swordsman
64:41 Onager
71:42 Siege Engineers
74:44 #83
74:24 Chivalry
76:31 Champion
77:29 Paladin
81:14 Blast Furnace
80:30 Chain Mail Armor
80:35 Chain Barding Armor
80:11 Bodkin Arrow
80:31 Leather Archer Armor
83:01 Halberdier
105:35 Demolition Ship
106:43 Heavy Warships
Connection lost

Rejoining the realm…

Still unreachable

The connection could not be restored.

Session expired

The server has moved on; the page needs a fresh start.